 Dungeon Crawl Stone Soup version 0.21.1-1-g345015f (webtiles) character file.

180 tidbits the Insei (level 5, 34/41 HPs)
             Began as a Gnoll Transmuter on Mar 10, 2018.
             Quit the game in the Ecumenical Temple.
             The game lasted 00:05:02 (706 turns).

tidbits the Insei (Gnoll Transmuter)                 Turns: 706, Time: 00:05:03

Health: 34/41      AC:  3    Str: 13    XL:     5   Next: 60%
Magic:  12/12      EV: 13    Int: 16    God:
Gold:   63         SH:  0    Dex: 15    Spells: 8/14 levels left

rFire    . . .     SeeInvis .     - Unarmed
rCold    . . .     Gourm    .   (no shield)
rNeg     . . .     Faith    .   B - +0 robe
rPois    .         Spirit   .   (no helmet)
rElec    .         Reflect  .   C - +0 cloak
rCorr    .         Harm     .   (no gloves)
MR       .....                  (no boots)
Stlth    ++........             (no amulet)
HPRegen  0.13/turn              s - -2 ring of evasion (curse)
MPRegen  0.13/turn              (no ring)

@: no status effects
A: distributed training, fangs 1, strong nose
a: no special abilities


You were in the Ecumenical Temple.
You were not hungry.

You visited 2 branches of the dungeon, and saw 5 of its levels.

You collected 63 gold pieces.

Inventory:

Hand Weapons
 g - a +0 dagger
 i - a +0 rapier
 l - a +4 quarterstaff of chaos
   (You took it off Crazy Yiuf on level 2 of the Dungeon)
 m - a +0 dagger
 n - a +0 hunting sling
Missiles
 a - 26 arrows
 b - 9 sling bullets
 o - 13 stones (quivered)
Armour
 B - a +0 robe (worn)
 C - a +0 cloak (worn)
Jewellery
 s - a cursed -2 ring of evasion (left hand)
   (You found it on level 4 of the Dungeon)
Scrolls
 e - a scroll of amnesia
 p - a scroll of remove curse {unknown}
 q - a scroll of immolation
 r - a scroll of teleportation {unknown}
Potions
 f - a potion of degeneration {unknown}
 h - a potion of flight {unknown}
 j - a potion of berserk rage {unknown}
 k - a potion of might
Books
 c - a book of Changes

   Spells                             Type                      Level
   a - Beastly Appendage              Transmutation                1
   b - Sticks to Snakes               Transmutation                2
   c - Spider Form                    Transmutation/Poison         3
   d - Ice Form                       Ice/Transmutation            4
   e - Blade Hands                    Transmutation                5
Comestibles
 d - 5 rations


   Skills:
 + Level 3.0 Fighting
 + Level 1.5 Short Blades
 + Level 1.5 Long Blades
 + Level 1.5 Axes
 + Level 1.5 Maces & Flails
 + Level 1.5 Polearms
 + Level 1.5 Staves
 + Level 1.5 Slings
 + Level 1.5 Bows
 + Level 1.5 Crossbows
 + Level 1.5 Throwing
 + Level 1.5 Armour
 + Level 4.8 Dodging
 + Level 1.5 Stealth
 + Level 1.5 Shields
 + Level 6.7 Unarmed Combat
 + Level 5.2 Spellcasting
 + Level 1.2 Conjurations
 + Level 1.2 Hexes
 + Level 1.2 Charms
 + Level 1.2 Summonings
 + Level 1.2 Necromancy
 + Level 1.2 Translocations
 + Level 4.0 Transmutations
 + Level 1.2 Fire Magic
 + Level 1.2 Ice Magic
 + Level 1.2 Air Magic
 + Level 1.2 Earth Magic
 + Level 1.2 Poison Magic
 + Level 1.7 Invocations
 + Level 1.5 Evocations


You had 8 spell levels left.
You knew the following spells:

 Your Spells              Type           Power        Failure   Level  Hunger
e - Beastly Appendage     Tmut           ###...       3%          1    None
k - Sticks to Snakes      Tmut           ###.....     4%          2    #......
p - Spider Form           Tmut/Pois      ##........   16%         3    ###....


Dungeon Overview and Level Annotations

Branches:
Dungeon (4/15)             Temple (1/1) D:4

Altars:
Ashenzari
Dithmenos
Elyvilon
Fedhas
Gozag
Hepliaklqana
Kikubaaqudgha
Makhleb
Nemelex Xobeh
Okawaru
Qazlal
Ru
Sif Muna
Uskayaw
Vehumet
Wu Jian
Yredelemnul
Zin


Innate Abilities, Weirdness & Mutations

Your experience applies equally to all skills.
You have very sharp teeth.
Your uncanny sense of smell can sniff out nearby items.


Message History

The phantom moves out of view.
Found a staircase to the Ecumenical Temple.
The phantom closely misses you.
Unknown command.
The phantom barely misses your ball python.
Casting: Sticks to Snakes
Confirm with . or Enter, or press ? or * to list all spells.
You turn into a venomous arachnid creature.
Your +0 cloak melds into your body.
Your +0 robe melds into your body.
The phantom hits your ball python!
Your ball python dies!
You hit the phantom.
The phantom is lightly damaged.
The phantom barely misses you.
You hit the phantom.
The phantom is lightly damaged.
You hit the phantom but do no damage.
The phantom is lightly damaged.
The phantom blinks!
The phantom completely misses you.
You bite the phantom!
The phantom is moderately damaged.
The phantom hits you!
* * * LOW HITPOINT WARNING * * *
The phantom blinks!
You bite the phantom!
The phantom is heavily damaged.
The phantom hits you but does no damage.
You hit the phantom.
The phantom is severely damaged.
The phantom completely misses you.
You bite the phantom!
The phantom is almost destroyed.
The phantom hits you.
* * * LOW HITPOINT WARNING * * *
You hit the phantom.
You destroy the phantom!
Your Fighting skill increases to level 3!
Your Conjurations skill increases to level 1!
Your Hexes skill increases to level 1!
Your Charms skill increases to level 1!
Your Summonings skill increases to level 1!
Your Necromancy skill increases to level 1!
Your Translocations skill increases to level 1!
Your Transmutations skill increases to level 4!
Your Fire Magic skill increases to level 1!
Your Ice Magic skill increases to level 1!
Your Air Magic skill increases to level 1!
Your Earth Magic skill increases to level 1!
Your Poison Magic skill increases to level 1!
You have reached level 5!
Your transformation is almost over.
Found a marble ring.
Your transformation has ended.
Your +0 cloak unmelds from your body.
Your +0 robe unmelds from your body.
Found 5 gold pieces.
You see here a marble ring.
s - a marble ring Put on which piece of jewellery? (? for menu, Esc to quit)
Oops, that ring feels deathly cold.
s - a cursed -2 ring of evasion (left hand)
Okay, then.
You see here 5 gold pieces.
You now have 63 gold pieces (gained 5).
A frilled lizard comes into view.
Found a notched emerald ring.
Found a stone staircase leading up and a stone staircase leading down.
You open the door.
There is an open door here.
There is a staircase to the Ecumenical Temple here.
Magic restored.
You climb downwards.
Welcome to the Ecumenical Temple!
There is a staircase back to the Dungeon here.
Unknown command.
You open the door.
There is an open door here.
You open the door.
Found a sacrificial altar of Ru and a shattered altar of Ashenzari.
There is an open door here.
Found an ancient bone altar of Kikubaaqudgha.
Found an ornate altar of the Wu Jian Council.
There is an open door here.
You open the door.
Found three altars.
Found an iron altar of Okawaru.
There is an open door here.
Found a shadowy altar of Dithmenos.
There is an open door here.
You open the door.
Found three altars.
Found a blossoming altar of Fedhas.
There is an open door here.
Found a radiant altar of Vehumet.
There is an open door here.
You open the door.
Found an opulent altar of Gozag and a basalt altar of Yredelemnul.
There is an open door here.
Found a sparkling altar of Nemelex Xobeh.
Found a burning altar of Makhleb.
There is an opulent altar of Gozag here.
Are you sure you want to abandon this character and quit the game? (Confirm with "yes".)

..._.......#
##..#
#....._...##
#..##
###.....###
##..# #######
#..# #######
#..# ###.....###
#..#
#..._.....###..#
...........##..#
.._..⌠.@_..##..#
#####
...........#..##
....###
#....._...#'..#
......##
###.....###..##
.......# #######
#..# .<.....#
..## .......#
..## ......##
..# ....### .#


There were no monsters in sight!

Vanquished Creatures
  A phantom (D:4)
  Crazy Yiuf (D:2)
  An iguana (D:4)
  2 worms (D:2)
  4 dart slugs
  A bat (D:2)
  A frilled lizard (D:2)
  A goblin (D:2)
  3 kobolds
  A rat (D:3)
16 creatures vanquished.

Vanquished Creatures (collateral kills)
  An adder (D:2)
  A leopard gecko (D:2)
  A goblin (D:2)
  2 jackals (D:2)
  A bat (D:2)
  A kobold (D:2)
7 creatures vanquished.

Grand Total: 23 creatures vanquished

Notes
Turn   | Place    | Note
-------+----------+-------------------------------------------
     0 | D:1      | tidbits the Gnoll Transmuter began the quest for the Orb.
     0 | D:1      | Reached XP level 1. HP: 17/17 MP: 6/6
    41 | D:3      | Reached XP level 2. HP: 23/23 MP: 5/7
    45 | D:3      | Learned a level 2 spell: Sticks to Snakes
   137 | D:2      | Found a runed door.
   142 | D:2      | Noticed Crazy Yiuf
   146 | D:2      | HP: 2/23 [Crazy Yiuf/quarterstaff of chaos (5)]
   148 | D:2      | Killed Crazy Yiuf
   148 | D:2      | Reached skill level 5 in Spellcasting
   148 | D:2      | Reached skill level 1 in Invocations
   148 | D:2      | Reached XP level 3. HP: 2/28 MP: 5/9
   161 | D:2      | Learned a level 3 spell: Spider Form
   252 | D:2      | Reached skill level 1 in Short Blades
   252 | D:2      | Reached skill level 1 in Long Blades
   252 | D:2      | Reached skill level 1 in Axes
   252 | D:2      | Reached skill level 1 in Maces & Flails
   252 | D:2      | Reached skill level 1 in Polearms
   252 | D:2      | Reached skill level 1 in Staves
   252 | D:2      | Reached skill level 1 in Slings
   252 | D:2      | Reached skill level 1 in Bows
   252 | D:2      | Reached skill level 1 in Crossbows
   252 | D:2      | Reached skill level 1 in Throwing
   252 | D:2      | Reached skill level 1 in Armour
   252 | D:2      | Reached skill level 1 in Stealth
   252 | D:2      | Reached skill level 1 in Shields
   252 | D:2      | Reached skill level 1 in Evocations
   284 | D:1      | Reached XP level 4. HP: 4/34 MP: 2/11
   528 | D:4      | Noticed a phantom
   531 | D:4      | Found a staircase to the Ecumenical Temple.
   546 | D:4      | Killed a phantom
   546 | D:4      | Reached skill level 3 in Fighting
   546 | D:4      | Reached skill level 1 in Conjurations
   546 | D:4      | Reached skill level 1 in Hexes
   546 | D:4      | Reached skill level 1 in Charms
   546 | D:4      | Reached skill level 1 in Summonings
   546 | D:4      | Reached skill level 1 in Necromancy
   546 | D:4      | Reached skill level 1 in Translocations
   546 | D:4      | Reached skill level 4 in Transmutations
   546 | D:4      | Reached skill level 1 in Fire Magic
   546 | D:4      | Reached skill level 1 in Ice Magic
   546 | D:4      | Reached skill level 1 in Air Magic
   546 | D:4      | Reached skill level 1 in Earth Magic
   546 | D:4      | Reached skill level 1 in Poison Magic
   546 | D:4      | Reached XP level 5. HP: 13/41 MP: 6/12
   593 | Temple   | Entered the Ecumenical Temple
   706 | Temple   | Quit the game

Skill      XL: |  1  2  3  4 |
---------------+-------------+-----
Spellcasting   | 5 |  5.2
Invocations    | 1 |  1.7
Short Blades   | 1 |  1.5
Long Blades    | 1 |  1.5
Axes           | 1 |  1.5
Maces & Flails | 1 |  1.5
Polearms       | 1 |  1.5
Staves         | 1 |  1.5
Slings         | 1 |  1.5
Bows           | 1 |  1.5
Crossbows      | 1 |  1.5
Throwing       | 1 |  1.5
Armour         | 1 |  1.5
Stealth        | 1 |  1.5
Shields        | 1 |  1.5
Evocations     | 1 |  1.5
Fighting       | 3 |  3.0
Conjurations   | 1 |  1.2
Hexes          | 1 |  1.2
Charms         | 1 |  1.2
Summonings     | 1 |  1.2
Necromancy     | 1 |  1.2
Translocations | 1 |  1.2
Transmutations | 4 |  4.0
Fire Magic     | 1 |  1.2
Ice Magic      | 1 |  1.2
Air Magic      | 1 |  1.2
Earth Magic    | 1 |  1.2
Poison Magic   | 1 |  1.2
Dodging        | |  4.8
Unarmed Combat | |  6.7

Action                   |  1- 3 |  4- 6 || total
-------------------------+-------+-------++-------
Melee: Unarmed           |    31 |    23 ||    54
       Kick              |     4 |       ||     4
       Punch             |     2 |       ||     2
       Bite              |     4 |       ||     4
       Headbutt          |     1 |       ||     1
 Cast: Beastly Appendage |     8 |       ||     8
       Sticks to Snakes  |     5 |     1 ||     6
       Spider Form       |     1 |     5 ||     6
  Use: Scroll            |     3 |       ||     3
 Stab: Sleeping          |     1 |       ||     1
  Eat: Ration            |       |     1 ||     1
Armor: Robe              |     3 |       ||     3
       Skin              |       |     1 ||     1
Dodge: Dodged            |    24 |    14 ||    38

Table legend:
 A = Turns spent in this place as a percentage of turns spent in the entire game.
 B = Non-inter-level travel turns spent in this place as a percentage of non-inter-level travel turns spent in the entire game.
 C = Inter-level travel turns spent in this place as a percentage of turns spent in this place.
 D = Turns resting spent in this place as a percentage of non-inter-level travel turns spent in this place.
 E = Turns spent auto-exploring this place as a percentage of non-inter-level travel turns spent in this place.
 F = Non-inter-level travel turns spent in this place divided by the number of levels of this place that you've seen.
                   A       B       C       D       E      F
               +-------+-------+-------+-------+-------+----------------------
         Total | 100.0 | 100.0 |   0.0 |   0.0 |   0.0 | 141.2
       Dungeon |  84.0 |  84.0 |   0.0 |   0.0 |   0.0 | 148.2
        Temple |  16.0 |  16.0 |   0.0 |   0.0 |   0.0 | 113.0
               +-------+-------+-------+-------+-------+----------------------

Table legend:
 A = Kills in this place as a percentage of kills in entire the game.
 B = Kills by you in this place as a percentage of kills by you in the entire game.
 C = Kills by friends in this place as a percentage of kills by friends in the entire game.
 D = Other kills in this place as a percentage of other kills in the entire game.
 E = Experience gained in this place as a percentage of experience gained in the entire game.
 F = Experience gained in this place divided by the number of levels of this place that you have seen.
                   A       B       C       D       E      F
               +-------+-------+-------+-------+-------+----------------------
         Total | 100.0 | 100.0 | 100.0 |   N/A | 100.0 |  51.6
       Dungeon | 100.0 | 100.0 | 100.0 |   N/A | 100.0 |  64.5
               +-------+-------+-------+-------+-------+----------------------

Vault maps used:
D:1:      minmay_arrival_glassed_features, corexii_leaking_fountain,
          xom_teletrap_fun
D:2:      first_ration, uniq_crazy_yiuf_cottage
D:3:      gammafunk_temple_overflow_pools, uniq_sigmund, uniq_robin
D:4:      temple_doors_e, uniq_blork_the_orc
Temple:   dpeg_five_rooms_temple
